IL
LEHIGH VALLEY IRONPIGS @ GWINNETT BRAVES
05/08/2044
 
TOP OF THE 1ST
Lehigh Valley IronPigs batting - Pitching for Gwinnett Braves : RHP Victor Torres
Pitching: RHP Victor Torres
Batting: LHB Osamu Kubo 0-0: Called Strike
0-1: Ball
1-1: Fly out, F5 (Popup, 5SF, EV 74.4 MPH)
Batting: LHB Chad Persaud 0-0: SINGLE (Line Drive, 7LS, EV 100.6 MPH)
Batting: SHB Lance Franklin 0-0: Called Strike
0-1: Foul Ball, location: 2F
0-2: Foul Ball, location: 2F
0-2: Ball
Chad Persaud is caught stealing 2nd base 2-6
1-2: Ball
2-2: Foul Ball, location: 2F
2-2: Ground out 6-3 (Groundball, 6, EV 90.0 MPH)
Top of the 1st over - 0 runs, 1 hit, 0 errors, 0 left on base; Lehigh Valley 0 - Gwinnett 0
BOTTOM OF THE 1ST
Gwinnett Braves batting - Pitching for Lehigh Valley IronPigs : RHP Rome Corona
Pitching: RHP Rome Corona
Batting: RHB Jesse Lester 0-0: Ball
1-0: Ball
2-0: Swinging Strike
2-1: Swinging Strike
2-2: Ball
3-2: Base on Balls
Batting: RHB Danny Heikkila 0-0: Called Strike
0-1: Fielders Choice at 2nd, 6-4 (Groundball, 6, EV 83.8 MPH)
Batting: RHB Luis Revilla 0-0: Ball
1-0: Ball
2-0: SINGLE (Line Drive, 8LS, EV 98.8 MPH)
Danny Heikkila to second
Batting: RHB Ian Sousa 0-0: SINGLE (Groundball, 6MD, EV 96.3 MPH)
Danny Heikkila to third
Luis Revilla to second
Batting: LHB Bobby Upton 0-0: Ball
1-0: Called Strike
1-1: Ball
2-1: Ball
3-1: Base on Balls
Danny Heikkila scores
Luis Revilla to third
Ian Sousa to second
Batting: RHB Ethan McCullough 0-0: Ball
1-0: Grounds into double play, 6-4-3 (Groundball, 6, EV 105.6 MPH)
Bottom of the 1st over - 1 run, 2 hits, 0 errors, 2 left on base; Lehigh Valley 0 - Gwinnett 1
TOP OF THE 2ND
Lehigh Valley IronPigs batting - Pitching for Gwinnett Braves : RHP Victor Torres
Batting: RHB Julian Nijhuis 0-0: Foul Ball, location: 2F
0-1: Swinging Strike
0-2: Strikes out looking
Batting: RHB Josh Hensley 0-0: Ball
1-0: Ball
2-0: Called Strike
2-1: Ball
3-1: Ground out 4-3 (Groundball, 34D, EV 99.4 MPH)
Batting: RHB Chris Pounds 0-0: Called Strike
0-1: Ball
1-1: Ball
2-1: Ball
3-1: Base on Balls
Batting: RHB Bill Moldenhauer 0-0: Called Strike
0-1: Ball
1-1: Called Strike
1-2: Ball
2-2: Ball
3-2: Fly out, F7 (Flyball, 7, EV 78.1 MPH)
Top of the 2nd over - 0 runs, 0 hits, 0 errors, 1 left on base; Lehigh Valley 0 - Gwinnett 1
BOTTOM OF THE 2ND
Gwinnett Braves batting - Pitching for Lehigh Valley IronPigs : RHP Rome Corona
Batting: LHB Kevin Waddell 0-0: Swinging Strike
0-1: Ball
1-1: Ball
2-1: Called Strike
2-2: Ball
3-2: Strikes out looking
Batting: SHB Ian Finley 0-0: Called Strike
0-1: Foul Ball, location: 2F
0-2: Ground out 5-3 (Groundball, 56, EV 86.9 MPH)
Batting: SHB Tim Rodgers 0-0: Ball
1-0: Ground out U3 (Groundball, 3, EV 81.9 MPH)
Bottom of the 2nd over - 0 runs, 0 hits, 0 errors, 0 left on base; Lehigh Valley 0 - Gwinnett 1
TOP OF THE 3RD
Lehigh Valley IronPigs batting - Pitching for Gwinnett Braves : RHP Victor Torres
Batting: RHB Aaron Burress 0-0: Ball
1-0: Called Strike
1-1: Foul Ball, location: 2F
1-2: Strikes out swinging
Batting: SHB Cesar Arteaga 0-0: Ball
1-0: Called Strike
1-1: Ball
2-1: Ball
3-1: Called Strike
3-2: Ground out 6-3 (Groundball, 6, EV 99.4 MPH)
Batting: LHB Osamu Kubo 0-0: Ball
1-0: Called Strike
1-1: Swinging Strike
1-2: Strikes out swinging
Top of the 3rd over - 0 runs, 0 hits, 0 errors, 0 left on base; Lehigh Valley 0 - Gwinnett 1
BOTTOM OF THE 3RD
Gwinnett Braves batting - Pitching for Lehigh Valley IronPigs : RHP Rome Corona
Batting: RHB Jesse Lester 0-0: Called Strike
0-1: Ball
1-1: Ball
2-1: Called Strike
2-2: Ball
3-2: Foul Ball, location: 2F
3-2: Base on Balls
Batting: RHB Danny Heikkila 0-0: Foul Ball, location: 2F
0-1: Swinging Strike
0-2: Ball
1-2: SINGLE (Groundball, 6D, EV 96.3 MPH)
Jesse Lester to second
Batting: RHB Luis Revilla 0-0: Called Strike
0-1: Foul Ball, location: 2F
0-2: Fielders Choice at 2nd, 6-4 (Groundball, 6, EV 83.1 MPH)
Jesse Lester to third
Batting: RHB Ian Sousa 0-0: Swinging Strike
0-1: Ground out U3 (Groundball, 3S, EV 68.1 MPH)
Jesse Lester scores
Luis Revilla to second
Batting: LHB Bobby Upton 0-0: Ball
1-0: Called Strike
1-1: Ground out U3 (Groundball, 3, EV 80.6 MPH)
Bottom of the 3rd over - 1 run, 1 hit, 0 errors, 1 left on base; Lehigh Valley 0 - Gwinnett 2
TOP OF THE 4TH
Lehigh Valley IronPigs batting - Pitching for Gwinnett Braves : RHP Victor Torres
Batting: LHB Chad Persaud 0-0: Ground out U3 (Groundball, 3, EV 106.9 MPH)
Batting: SHB Lance Franklin 0-0: Ball
1-0: Foul Ball, location: 2F
1-1: Fly out, F7 (Flyball, 78XD, EV 98.8 MPH)
Batting: RHB Julian Nijhuis 0-0: Called Strike
0-1: Fly out, F8 (Line Drive, 8LD, EV 106.3 MPH)
Top of the 4th over - 0 runs, 0 hits, 0 errors, 0 left on base; Lehigh Valley 0 - Gwinnett 2
BOTTOM OF THE 4TH
Gwinnett Braves batting - Pitching for Lehigh Valley IronPigs : RHP Rome Corona
Batting: RHB Ethan McCullough 0-0: Ball
1-0: Foul Ball, location: 2F
1-1: Called Strike
1-2: Strikes out swinging
Batting: LHB Kevin Waddell 0-0: Called Strike
0-1: Foul Ball, location: 2F
0-2: SINGLE (Groundball, 4MD, EV 97.5 MPH)
Batting: SHB Ian Finley 0-0: Ball
1-0: Foul Ball, location: 2F
1-1: Ball
2-1: Foul Ball, location: 2F
2-2: Ball
3-2: Ground out 4-3 (Groundball, 4, EV 90.0 MPH)
Kevin Waddell to second
Batting: SHB Tim Rodgers 0-0: Ball
1-0: Ball
2-0: Called Strike
2-1: Swinging Strike
2-2: Ground out U3 (Groundball, 3, EV 86.3 MPH)
Bottom of the 4th over - 0 runs, 1 hit, 0 errors, 1 left on base; Lehigh Valley 0 - Gwinnett 2
TOP OF THE 5TH
Lehigh Valley IronPigs batting - Pitching for Gwinnett Braves : RHP Victor Torres
Batting: RHB Josh Hensley 0-0: Called Strike
0-1: Ball
1-1: Ball
2-1: Ball
3-1: SOLO HOME RUN (Flyball, 7LD, EV 95.6 MPH), Distance : 355 ft
Batting: RHB Chris Pounds 0-0: Called Strike
0-1: Ball
1-1: Ball
2-1: Ball
3-1: Base on Balls
Batting: RHB Bill Moldenhauer 0-0: Ball
1-0: Grounds into double play, 4-6-3 (Groundball, 4S, EV 81.3 MPH)
Batting: RHB Aaron Burress 0-0: Called Strike
0-1: Ball
1-1: Ball
2-1: Foul Ball, location: 2F
2-2: Ball
3-2: Foul Ball, location: 2F
3-2: Strikes out looking
Top of the 5th over - 1 run, 1 hit, 0 errors, 0 left on base; Lehigh Valley 1 - Gwinnett 2
BOTTOM OF THE 5TH
Gwinnett Braves batting - Pitching for Lehigh Valley IronPigs : RHP Rome Corona
Batting: RHB Jesse Lester 0-0: Ball
1-0: Ball
2-0: Ball
3-0: Base on Balls
Batting: RHB Danny Heikkila 0-0: Ball
1-0: Foul Ball, location: 2F
1-1: Grounds into double play, 6-4-3 (Groundball, 6, EV 90.0 MPH)
Batting: RHB Luis Revilla 0-0: Called Strike
0-1: Ball
1-1: Ball
2-1: Foul Ball, location: 2F
2-2: Strikes out swinging
Bottom of the 5th over - 0 runs, 0 hits, 0 errors, 0 left on base; Lehigh Valley 1 - Gwinnett 2
TOP OF THE 6TH
Lehigh Valley IronPigs batting - Pitching for Gwinnett Braves : RHP Victor Torres
Batting: SHB Cesar Arteaga 0-0: Swinging Strike
0-1: Ball
1-1: Swinging Strike
1-2: Foul Ball, location: 2F
1-2: Ground out 6-3 (Groundball, 56D, EV 81.3 MPH)
Batting: LHB Osamu Kubo 0-0: Called Strike
0-1: Swinging Strike
0-2: SINGLE (Groundball, 34S, EV 70.0 MPH) (infield hit)
Batting: LHB Chad Persaud 0-0: Ball
1-0: Fly out, F8 (Flyball, 8RXD, EV 91.3 MPH)
Batting: SHB Lance Franklin 0-0: Ball
Wild Pitch!
Osamu Kubo to second
1-0: Foul Ball, location: 2F
1-1: Called Strike
1-2: Ball
Wild Pitch!
Osamu Kubo to third
2-2: Ball
3-2: Foul Ball, location: 2F
3-2: Strikes out swinging
Top of the 6th over - 0 runs, 1 hit, 0 errors, 1 left on base; Lehigh Valley 1 - Gwinnett 2
BOTTOM OF THE 6TH
Gwinnett Braves batting - Pitching for Lehigh Valley IronPigs : RHP Rome Corona
Batting: RHB Ian Sousa 0-0: Ball
1-0: Hit by Pitch
Batting: LHB Bobby Upton 0-0: Ball
1-0: Ball
2-0: Ball
3-0: Reached on error, E6 (Groundball, 6, EV 96.9 MPH)
Ian Sousa to second
Batting: RHB Ethan McCullough 0-0: Foul Ball, location: 2F
0-1: Ball
1-1: Foul Ball, location: 2F
1-2: Foul Ball, location: 2F
1-2: Ball
2-2: Foul Ball, location: 2F
2-2: Strikes out swinging
Batting: LHB Kevin Waddell 0-0: Ball
1-0: Ball
Ian Sousa steals 3rd base (no throw)
Bobby Upton to second
2-0: Intentional Walk
Batting: SHB Ian Finley 0-0: Ball
1-0: Ball
2-0: Ball
3-0: Called Strike
3-1: Called Strike
3-2: Base on Balls
Ian Sousa scores
Bobby Upton to third
Kevin Waddell to second
Batting: SHB Tim Rodgers 0-0: TRIPLE (Flyball, 89XD, EV 95.0 MPH)
Bobby Upton scores
Kevin Waddell scores
Ian Finley scores
Pitching: LHP John Schipper
Batting: RHB Jesse Lester 0-0: Ball
1-0: Ball
2-0: Foul Ball, location: 2F
2-1: Ball
3-1: Foul Ball, location: 2F
3-2: Fly out, F8 (Flyball, 8RM, EV 75.0 MPH)
Batting: RHB Danny Heikkila 0-0: Swinging Strike
0-1: Ball
1-1: Ball
2-1: Called Strike
2-2: Strikes out swinging
Bottom of the 6th over - 4 runs, 1 hit, 1 error, 1 left on base; Lehigh Valley 1 - Gwinnett 6
TOP OF THE 7TH
Lehigh Valley IronPigs batting - Pitching for Gwinnett Braves : RHP Victor Torres
Batting: RHB Julian Nijhuis 0-0: Ball
1-0: Foul Ball, location: 2F
1-1: Swinging Strike
1-2: Foul Ball, location: 2F
1-2: Foul Ball, location: 2F
1-2: Ball
2-2: Foul Ball, location: 2F
2-2: Foul Ball, location: 2F
2-2: Strikes out swinging
Batting: RHB Josh Hensley 0-0: Ball
1-0: Ball
2-0: SINGLE (Groundball, 4MD, EV 108.1 MPH)
Pitching: RHP Erick Marcano
Batting: RHB Chris Pounds 0-0: Ball
1-0: Ball
2-0: Foul Ball, location: 2F
2-1: Foul Ball, location: 2F
2-2: Grounds into double play, 4-6-3 (Groundball, 4, EV 83.8 MPH)
Top of the 7th over - 0 runs, 1 hit, 0 errors, 0 left on base; Lehigh Valley 1 - Gwinnett 6
BOTTOM OF THE 7TH
Gwinnett Braves batting - Pitching for Lehigh Valley IronPigs : LHP John Schipper
Batting: RHB Luis Revilla 0-0: Ball
1-0: Called Strike
1-1: Ball
2-1: Foul Ball, location: 2F
2-2: Ball
3-2: SINGLE (Groundball, 56S, EV 68.8 MPH) (infield hit)
Batting: RHB Ian Sousa 0-0: Called Strike
0-1: Foul Ball, location: 2F
0-2: Ball
1-2: Fly out, F8 (Flyball, 8LD, EV 104.4 MPH)
Batting: LHB Bobby Upton 0-0: SINGLE (Popup, 56D, EV 68.1 MPH)
Luis Revilla to second
Batting: RHB Ethan McCullough 0-0: Ball
1-0: Ball
2-0: Ball
3-0: Base on Balls
Luis Revilla to third
Bobby Upton to second
Batting: LHB Kevin Waddell 0-0: Called Strike
0-1: Ball
1-1: Fly out, F3 (Popup, 34, EV 56.3 MPH)
Batting: SHB Ian Finley 0-0: Ball
1-0: Ball
2-0: Called Strike
2-1: Foul Ball, location: 2F
2-2: Foul Ball, location: 2F
2-2: Foul Ball, location: 2F
2-2: Foul Ball, location: 2F
2-2: Foul Ball, location: 2F
2-2: GRAND SLAM HOME RUN (Flyball, 7D, EV 96.9 MPH), Distance : 368 ft
Batting: SHB Tim Rodgers 0-0: Ball
1-0: Called Strike
1-1: Swinging Strike
1-2: Strikes out swinging
Bottom of the 7th over - 4 runs, 3 hits, 0 errors, 0 left on base; Lehigh Valley 1 - Gwinnett 10
TOP OF THE 8TH
Lehigh Valley IronPigs batting - Pitching for Gwinnett Braves : RHP Erick Marcano
Batting: RHB Bill Moldenhauer 0-0: Ball
1-0: Fly out, F9 (Flyball, 9D, EV 100.6 MPH)
Batting: RHB Aaron Burress 0-0: Swinging Strike
0-1: Fly out, F8 (Line Drive, 8LD, EV 96.9 MPH)
Batting: SHB Cesar Arteaga 0-0: Swinging Strike
0-1: Foul Ball, location: 2F
0-2: Ball
1-2: Foul Ball, location: 2F
1-2: Ground out 5-3 (Groundball, 5, EV 85.6 MPH)
Top of the 8th over - 0 runs, 0 hits, 0 errors, 0 left on base; Lehigh Valley 1 - Gwinnett 10
BOTTOM OF THE 8TH
Gwinnett Braves batting - Pitching for Lehigh Valley IronPigs : LHP John Schipper
Pitching: RHP Luis Castillo
Pinch Hitting: RHB Rafael Elias 0-0: Foul Ball, location: 2F
0-1: Foul Ball, location: 2F
0-2: Ball
1-2: Ball
2-2: Strikes out swinging
Batting: RHB Danny Heikkila 0-0: Foul Ball, location: 2F
0-1: Called Strike
0-2: Ball
1-2: Ball
2-2: Ball
3-2: Foul Ball, location: 2F
3-2: Foul Ball, location: 2F
3-2: Strikes out swinging
Batting: RHB Luis Revilla 0-0: Ground out 4-3 (Groundball, 4, EV 110.0 MPH)
Bottom of the 8th over - 0 runs, 0 hits, 0 errors, 0 left on base; Lehigh Valley 1 - Gwinnett 10
TOP OF THE 9TH
Lehigh Valley IronPigs batting - Pitching for Gwinnett Braves : RHP Erick Marcano
Now at 3B: Rafael Elias
Batting: LHB Osamu Kubo 0-0: Ball
1-0: Swinging Strike
1-1: Ground out 1-3 (Groundball, 13S, EV 65.6 MPH)
Batting: LHB Chad Persaud 0-0: Swinging Strike
0-1: DOUBLE (Flyball, 89XD, EV 101.3 MPH)
Batting: SHB Lance Franklin 0-0: Called Strike
0-1: Ball
1-1: Foul Ball, location: 2F
1-2: Ball
2-2: Strikes out looking
Batting: RHB Julian Nijhuis 0-0: Ball
1-0: Foul Ball, location: 2F
1-1: Swinging Strike
1-2: Foul Ball, location: 2F
1-2: Ball
2-2: Ground out 6-3 (Groundball, 56, EV 91.9 MPH)
Top of the 9th over - 0 runs, 1 hit, 0 errors, 1 left on base; Lehigh Valley 1 - Gwinnett 10
Thursday, March 31st , 2022 - OOTP Baseball 22.12 Build 89